 Dungeon Crawl Stone Soup version 0.22.0-49-gab54619674 (webtiles) character file.

90 JedernureinKreuz the Conjurer (level 4, -1/24 HPs)
             Began as a Deep Elf Conjurer on Sept 7, 2018.
             Was a Follower of Yredelemnul.
             Slain by Grinder (6 damage)
             ... while paralysed by Grinder
             ... on level 3 of the Dungeon.
             The game lasted 00:12:31 (1793 turns).

JedernureinKreuz the Conjurer (Deep Elf Conjurer)   Turns: 1793, Time: 00:12:32

Health: -1/24      AC:  2    Str:  5    XL:     4   Next: 32%
Magic:  0/12       EV:  2    Int: 21    God:    Yredelemnul [*.....]
Gold:   116        SH:  0    Dex: 15    Spells: 10/11 levels left

rFire    . . .     SeeInvis .   p - +0 dagger
rCold    . . .     Gourm    .   (no shield)
rNeg     . . .     Faith    .   a - +0 robe
rPois    .         Spirit   .   (no helmet)
rElec    .         Reflect  .   (no cloak)
rCorr    .         Harm     .   (no gloves)
MR       .....                  (no boots)
Stlth    +++.......             (no amulet)
HPRegen  0.08/turn              (no ring)
MPRegen  0.13/turn              (no ring)

@: paralysed
A: no striking features
a: Animate Remains, Renounce Religion


You were on level 3 of the Dungeon.
You worshipped Yredelemnul.
Yredelemnul was aware of your devotion.
You were not hungry.

You visited 1 branch of the dungeon, and saw 3 of its levels.

You collected 116 gold pieces.

Inventory:

Hand Weapons
 d - a +0 dagger
 p - a +0 dagger (weapon)
Missiles
 i - 6 needles of sleeping (quivered)
Armour
 a - a +0 robe (worn)
 g - a +0 robe
Wands
 l - a wand of polymorph (14)
Scrolls
 b - a scroll of teleportation {unknown}
 e - 2 scrolls of enchant weapon {unknown}
 f - 2 scrolls of identify {unknown}
 h - a scroll of immolation {unknown}
 j - a scroll of magic mapping {unknown}
 k - a scroll of enchant armour {unknown}
 o - 2 scrolls of amnesia {unknown}
Potions
 m - a potion of heal wounds {unknown}
 n - a potion of degeneration {unknown}
 q - a potion of lignification {unknown}
Comestibles
 c - a ration
 r - 7 chunks of flesh


   Skills:
 + Level 3.4 Dodging
 + Level 3.7 Stealth
 + Level 4.0 Spellcasting
 + Level 5.0 Conjurations


You had 10 spell levels left.
You knew the following spells:

 Your Spells              Type           Power        Failure   Level  Hunger
a - Magic Dart            Conj           ####         1%          1    None

Your spell library contained the following spells:

 Spells                   Type           Power        Failure   Level  Hunger
 Searing Ray              Conj           ####..       2%          2    #......
 Dazzling Spray           Conj/Hex       ##....       13%         3    ###....
 Iskenderun's Mystic Bla  Conj           ####....     16%         4    ####...
 Force Lance              Conj/Tloc      ##......     38%         4    ####...
 Fulminant Prism          Conj/Hex       ##........   38%         4    ####...


Dungeon Overview and Level Annotations

Branches:
Dungeon (3/15)

Altars:
Yredelemnul

Annotations:
D:3 Grinder


Message History

Grinder is heavily wounded.
Grinder hits you.
You writhe in agony.
* * * LOW HITPOINT WARNING * * *
Grinder gestures at you. You resist with significant effort.
There is a stone staircase leading up here.
Casting: Magic Dart (safe; 1% risk of failure)
Confirm with . or Enter, or press ? or * to list all spells.
Aiming: Magic Dart (safe; 1% risk of failure)
Press: ? - help, Shift-Dir - straight line, f/p - Grinder
Aim: Grinder (heavily wounded, fast)
The magic dart hits Grinder.
Grinder is heavily wounded.
Grinder gestures at you.
You suddenly lose the ability to move!
Grinder gestures at you.
You shrug off the repeated paralysis!
Grinder hits you.
You die...
Your body rises from the dead as a mindless zombie.

### ..##
#.† #.#
#.######†#
#.....#5#.#
#.@###..
#.#.# #.#
#. #.# .#
#. .# # #.
# .. #. ##


You could see Grinder.

Vanquished Creatures
  2 adders (D:2)
  2 worms (D:2)
  2 dart slugs
  7 giant cockroaches
  5 goblins
  7 hobgoblins
  A jackal (D:2)
  3 quokkas (D:2)
  A ball python (D:1)
  9 bats
  5 frilled lizards
  5 kobolds
  15 rats
64 creatures vanquished.

Notes
Turn   | Place    | Note
-------+----------+-------------------------------------------
     0 | D:1      | JedernureinKreuz the Deep Elf Conjurer began the quest for
                  | the Orb.
     0 | D:1      | Reached XP level 1. HP: 10/10 MP: 6/6
    90 | D:1      | Reached XP level 2. HP: 15/15 MP: 0/8
   606 | D:1      | Reached XP level 3. HP: 19/19 MP: 7/10
  1464 | D:2      | Found a faded altar of an unknown god.
  1487 | D:2      | Reached XP level 4. HP: 19/24 MP: 3/11
  1500 | D:2      | Became a worshipper of Yredelemnul the Dark
  1500 | D:2      | Reached * piety under Yredelemnul
  1724 | D:2      | Reached skill level 5 in Conjurations
  1776 | D:3      | Noticed Grinder
  1792 | D:3      | Paralysed by Grinder for 6 turns
  1793 | D:3      | Slain by Grinder

Skill      XL: |  1  2  3  4 |
---------------+-------------+-----
Stealth        | 3 |  3.7
Dodging        | 3 |  3.4
Spellcasting   | 4 |  4.0
Conjurations   | 5 |  5.0

Action                   |  1- 3 |  4- 6 || total
-------------------------+-------+-------++-------
Melee: Dagger            |    32 |     4 ||    36
 Cast: Magic Dart        |    95 |    30 ||   125
 Stab: Sleeping          |     3 |       ||     3
  Eat: Chunk             |     2 |     1 ||     3
Armor: Robe              |     3 |     4 ||     7
Dodge: Dodged            |    35 |     2 ||    37
